AoeStats
← Eugenius

Arena

510414870Analyzed
4v4 RM · 14h ago on Sep 30, 2026· 51m 39s· 8 players
Game mode
Random Map
Map size
Large (8 player)
Population
200
Speed
Normal
Resources
Standard
Victory
Conquest
Starting age
Dark Age
Ending age
Imperial Age
RankedLock teamsTeams togetherTeam positionsShared explorationLock speedFull tech treeHidden civsTurbo modeCheats
Victory
Defeat
🇨🇦 Cumans · Canada
1728
+17
🇵🇪 Portuguese · Peru
1713
+18
🇧🇪 Ethiopians · Belgium
1688
+19
🇨🇳 Mongols · China
1661
+20
🇲🇽 Khmer · Mexico
1840
-22
🇺🇸 Italians · United States
1785
-20
🇲🇽 Spanish · Mexico
1702
-16
🇲🇽 Gurjaras · Mexico
1686
-16
Komi
8:56 Loom
10:46 Feudal Age
14:38 Castle Age
13:07 Fletching
13:23 Double-Bit Axe
13:19 Horse Collar
14:44 Crossbowman
16:40 Bodkin Arrow
42:45 Bow Saw
45:42 Wheelbarrow
46:47 Hand Cart
47:05 Gold Mining
51:21 Imperial Age
50:02 Padded Archer Armor
51:28 Thumb Ring
Eugenius
11:58 Feudal Age
15:57 Castle Age
15:10 Loom
Fs.BlinkAoE
7:04 Loom
9:02 Feudal Age
10:30 Fletching
24:14 Horse Collar
25:56 Double-Bit Axe
28:50 Wheelbarrow
34:04 Castle Age
33:00 Bloodlines
33:02 Forging
34:37 Bodkin Arrow
40:43 Scale Barding Armor
43:02 Bow Saw
46:11 Imperial Age
44:25 Chain Barding Armor
44:30 Heavy Plow
45:36 Iron Casting
45:00 Gold Mining
45:28 Hand Cart
44:59 Town Watch
46:15 Cavalier
47:31 Plate Barding Armor
47:20 Paladin
51:39 Conscription
52:34 Two-Man Saw
52:05 Crop Rotation
53:05 Blast Furnace
胖子事情多
11:18 Feudal Age
15:11 Castle Age
13:25 Fletching
13:44 Double-Bit Axe
15:12 Horse Collar
16:12 Bodkin Arrow
24:14 Padded Archer Armor
25:15 Wheelbarrow
25:13 Horse Collar
32:33 Imperial Age
29:49 Loom
30:44 Husbandry
31:29 Heavy Plow
31:40 Thumb Ring
32:39 Gold Mining
33:46 Bracer
34:14 Ballistics
34:54 Chemistry
34:57 Leather Archer Armor
35:54 Hand Cart
35:41 Town Watch
36:30 Elite Mangudai
37:35 Conscription
37:05 Capped Ram
39:02 Drill
41:50 Bloodlines
42:00 Siege Engineers
42:06 Masonry
43:07 Siege Ram
44:40 Hoardings
52:19 Parthian Tactics
quesarito
8:10 Feudal Age
8:43 Double-Bit Axe
18:39 Castle Age
16:46 Horse Collar
19:18 Fletching
19:34 Thumb Ring
18:51 Crossbowman
20:10 Bodkin Arrow
21:01 Padded Archer Armor
23:13 Leather Archer Armor
25:02 Wheelbarrow
26:18 Ballistics
26:18 Hand Cart
25:49 Loom
35:36 Imperial Age
35:56 Heavy Plow
36:07 Bow Saw
36:03 Gold Mining
36:26 Bracer
37:30 Chemistry
35:51 Arbalester
37:27 Ring Archer Armor
39:02 Two-Man Saw
38:28 Fortified Wall
46:20 Arson
46:35 Squires
46:39 Scale Mail Armor
46:49 Forging
50:42 Chain Mail Armor
51:02 Iron Casting
EL MAYA
11:11 Feudal Age
11:06 Loom
12:54 Fletching
43:09 Double-Bit Axe
43:55 Horse Collar
47:15 Wheelbarrow
50:56 Castle Age
Paco Gerte Alrato
9:26 Feudal Age
8:41 Loom
10:43 Horse Collar
11:17 Double-Bit Axe
15:46 Castle Age
20:22 Husbandry
24:43 Bloodlines
24:56 Scale Barding Armor
26:58 Forging
27:28 Chain Barding Armor
31:46 Iron Casting
34:57 Wheelbarrow
38:50 Gold Mining
38:51 Stone Mining
47:18 Imperial Age
48:50 Plate Barding Armor
47:44 Elite Shrivamsha Rider
51:35 Fletching
loco_angel
11:59 Feudal Age
14:54 Castle Age
15:11 Gold Mining
15:35 Scale Barding Armor
15:38 Husbandry
19:42 Bloodlines
21:42 Forging
25:49 Wheelbarrow
26:53 Loom
31:04 Town Watch
34:07 Hand Cart
35:20 Double-Bit Axe
36:21 Bow Saw
39:44 Imperial Age
39:50 Imperial Age
39:39 Ballistics
39:16 Fletching
39:07 Horse Collar
39:41 Light Cavalry
41:44 Chemistry
41:09 Heavy Scorpion
42:54 Chain Barding Armor
43:52 Gold Shaft Mining
43:35 Hussar
45:52 Iron Casting
Connection lost

Rejoining the realm…

Still unreachable

The connection could not be restored.

Session expired

The server has moved on; the page needs a fresh start.